cohdb
Replays
Latest Replays
All Replays
Popular Replays
Top Player Replays
Match Explorer
How It Works
Community
CoH3 Stats
Reddit
Sign in to upload your games and track your stats! →
Sign in with Steam
Match 44107120
Unlisted
Match 44107120
Overview
Messages
Build Orders
End
Construct Infanterie Kompanie
Selects Luftwaffe Battlegroup
Selects Luftwaffe Pioneer Support
Fallschirmpioneer Squad Paradrop
MG 42 Machine Gun Team
MG 42 Machine Gun Team
Grenadier Squad
MG 42 Bunker
Selects Stuka Strafing Run
Construct Luftwaffe Kompanie
Stuka Strafing Run
Selects Fallschirmjäger Squad Paradrop
Fallschirmpioneer Squad Paradrop
Support Elements
Stuka Strafing Run
Joraad
qwq的红石
Yui_187
Delivery_Boi
Crazy Dog
Comando_3_3
0
0
Comments
sign in to comment!
No comments posted yet!